 Dungeon Crawl Stone Soup version 0.18.1-48-g4cf74bf (webtiles) character file.

26 asdguy00 the Firebug (level 2, 0/20 HPs)
             Began as a Draconian Fire Elementalist on Sept 5, 2016.
             Slain by a kobold
             ... wielding a +0 whip
              (1 damage)
             ... on level 1 of the Dungeon.
             The game lasted 00:07:40 (622 turns).

asdguy00 the Firebug (Draconian Fire Elementalist)   Turns: 622, Time: 00:07:41

Health: 0/20       AC:  4    Str: 10    XL:     2   Next: 89%
Magic:  0/5        EV: 12    Int: 15    God:
Gold:   75         SH:  0    Dex: 11    Spells: 2 memorised, 3 levels left

rFire  + . .     SeeInvis .     h - +0 whip
rCold  . . .     Gourm    .     (armour unavailable)
rNeg   . . .     Faith    .     (no shield)
rPois  .         Spirit   .     (helmet restricted)
rElec  .         Dismiss  .     (no cloak)
rCorr  +         Reflect  .     (no gloves)
SustAt .         Harm     .     (no boots)
MR     .....                    (no amulet)
Stlth  ++........               g - ring of protection from fire
                                d - ring of resist corrosion

@: not resistant to hostile enchantments, unstealthy
A: unfitting armour, cold-blooded, AC +4
a: no special abilities


You were on level 1 of the Dungeon.
You were not hungry.

You visited 1 branch of the dungeon, and saw 1 of its levels.

You collected 75 gold pieces.

Inventory:

Hand Weapons
 h - a +0 whip (weapon)
Jewellery
 d - a ring of resist corrosion (left hand)
 g - a ring of protection from fire (right hand)
Books
 a - a book of Flames

   Spells                             Type                      Level
   a - Flame Tongue                   Conjuration/Fire             1
   b - Throw Flame                    Conjuration/Fire             2
   c - Conjure Flame                  Conjuration/Fire             3
   d - Inner Flame                    Hexes/Fire                   3
   e - Sticky Flame                   Conjuration/Fire             4
   f - Fireball                       Conjuration/Fire             5
Comestibles
 b - a bread ration
 f - a beef jerky


   Skills:
 + Level 2.1 Dodging
 + Level 1.7 Stealth
 * Level 2.5 Spellcasting
 + Level 1.1 Conjurations
 + Level 3.4 Fire Magic


You had 3 spell levels left.
You knew the following spells:

 Your Spells              Type           Power        Failure   Level  Hunger
a - Flame Tongue          Conj/Fire      #....        12%         1    #......
b - Throw Flame           Conj/Fire      #.....       14%         2    ###....


Dungeon Overview and Level Annotations

Branches:
Dungeon (1/15)

Altars:


Innate Abilities, Weirdness & Mutations

Your plain brown scales are hard (AC +4).
Your body does not fit into most forms of armour.
You are cold-blooded and may be slowed by cold attacks.


Message History

The dart slug closely misses you. The hobgoblin hits you with a club.
* * * LOW HITPOINT WARNING * * *
The kobold misses you.
Casting: Flame Tongue
Confirm with . or Enter, or press ? or * to list all spells.
Aiming: Flame Tongue
Press: ? - help, Shift-Dir - straight line, f/p - dart slug
Aim: a dart slug (lightly wounded, clinging)
The flame tongue hits the dart slug.
The dart slug is heavily wounded.
The hobgoblin hits you but does no damage.
The kobold hits you with a whip.
* * * LOW HITPOINT WARNING * * *
You barely miss the kobold. The dart slug bites you.
* * * LOW HITPOINT WARNING * * *
The kobold hits you but does no damage. The hobgoblin barely misses you.
You hit the kobold.
The kobold is severely wounded.
The dart slug barely misses you. The kobold hits you with a whip.
You die...

.....#....##########
#........####...#...#
#.##.....####<#.#.#.#
..........####.#.####
########.###.###.........#
......†......# #.##...##.#
....####.##..# #†.#...#..#
. #g#w..######...####
#>@K...............
#####....########## #.#.##
#K#.# .#.# .. ..


You could see a dart slug, a hobgoblin and a kobold.

Vanquished Creatures
  An ooze (D:1)
  2 dart slugs (D:1)
  A giant gecko (D:1)
  3 bats (D:1)
  A giant cockroach (D:1)
  2 goblins (D:1)
  2 hobgoblins (D:1)
  A giant newt (D:1)
  2 kobolds (D:1)
  2 rats (D:1)
17 creatures vanquished.

Notes
Turn   | Place    | Note
--------------------------------------------------------------
     0 | D:1      | asdguy00 the Draconian Fire Elementalist began the quest for the Orb.
     0 | D:1      | Reached XP level 1. HP: 14/14 MP: 3/3
   105 | D:1      | Reached XP level 2. HP: 18/20 MP: 0/5
   109 | D:1      | Learned a level 2 spell: Throw Flame
   621 | D:1      | HP: 1/20 [dart slug (2)]
   622 | D:1      | Slain by a kobold

Skill      XL: |  1 |
---------------+----+-----
Dodging        | 2 |  2.1
Stealth        | |  1.7
Spellcasting   | |  2.5
Conjurations   | |  1.1
Fire Magic     | |  3.4

Action                   || total
-------------------------++-------
Melee: Unarmed           ||    37
       Tailslap          ||     5
       Whip              ||    19
 Cast: Flame Tongue      ||    18
       Throw Flame       ||     5
  Use: Scroll            ||     1
Armor: Skin              ||    12
Dodge: Dodged            ||    46
